 Dungeon Crawl Stone Soup version 0.24-a0-67-ga78bd38d5a (webtiles) character file.

Game seed: 765899809574610604

518974 TBExtent the Slayer (level 25, -11/255 HPs)
             Began as a Hill Orc Fighter on Feb 5, 2019.
             Was the Champion of Yredelemnul.
             Killed from afar by an orb of fire (76 damage)
             ... with a bolt of fire
             ... on level 1 of the Realm of Zot on Feb 7, 2019.
             The game lasted 08:07:11 (51702 turns).

TBExtent the Slayer (Hill Orc Fighter)             Turns: 51702, Time: 08:07:13

Health: -11/255    AC: 41    Str: 42    XL:     25   Next: 23%
Magic:  15/37      EV:  8    Int: 10    God:    Yredelemnul [******]
Gold:   5551       SH: 37    Dex:  8    Spells: 24/24 levels left

rFire    . . .     SeeInvis +   O - +5 war axe "Beastslayer" {chop, rElec rPois rF- MR+}
rCold    + . .     Gourm    .   n - +10 large shield of Ignorance {rN+ Int-4}
rNeg     + . .     Faith    .   B - +6 gold dragon scales
rPois    +         Spirit   .   P - +0 mask of the Dragon {MR+ Slay+3 SInv}
rElec    +         Reflect  .   d - +2 cloak {rPois}
rCorr    .         Harm     .   Y - +2 pair of gloves "Zew Poawo" {*Drain rF+ Int+4 SInv}
MR       ++++.                  L - +1 pair of boots
Stlth    ..........             R - amulet of regeneration
HPRegen  0.92/turn              C - ring "Uzodwargh" {rElec rPois Str+2}
MPRegen  0.25/turn              g - ring "Ubyavoris" {rF- Str+9 Int+2 Dex-2}

@: no status effects
A: antennae 1, magic resistance 1, screaming 1
}: 3/15 runes: decaying, silver, gossamer
a: Recall Undead Slaves, Injury Mirror, Animate Dead, Drain Life, Enslave Soul,
Renounce Religion


You were on level 1 of the Realm of Zot.
You worshipped Yredelemnul.
Yredelemnul was exalted by your worship.
You were hungry.

You visited 9 branches of the dungeon, and saw 45 of its levels.
You visited 1 bazaar.

You collected 7378 gold pieces.
You spent 1827 gold pieces at shops.

Inventory:

Hand Weapons
 a - a +2 war axe of flaming
 q - the +3 battleaxe of Circular Logic {drain, Fragile Dex+5}
   (You found it on level 1 of the Vaults)

   A truly terrible weapon, it drains the life of those it strikes.
   It affects your dexterity (+5).
   It will be destroyed if unequipped.
 O - the +5 war axe "Beastslayer" (weapon) {chop, rElec rPois rF- MR+}
   (You found it on level 1 of the Spider Nest)

   It inflicts extra damage upon your enemies.
   It makes you vulnerable to fire.
   It insulates you from electricity.
   It protects you from poison.
   It affects your resistance to hostile enchantments.
Armour
 b - a +2 shield of poison resistance
 d - a +2 cloak of poison resistance (worn)
 e - a +2 plate armour of magic resistance
 k - the +1 cloak of Yfuxtosu {rCorr Str-2 Dex+6 SInv}
   (You found it on level 3 of the Elven Halls)

   It affects your strength (-2).
   It affects your dexterity (+6).
   It lets you see invisible.
   It provides partial protection from all sources of acid and corrosion.
 n - the +10 large shield of Ignorance (worn) {rN+ Int-4}
   (You found it on level 3 of the Elven Halls)

   It affects your intelligence (-4).
   It protects you from negative energy.
 A - a +1 plate armour of cold resistance
 B - +6 gold dragon scales (worn)
 D - the +1 chain mail "Jitantop" {rC- MR+ Dex+2}
   (You found it on level 3 of the Depths)

   It affects your dexterity (+2).
   It makes you vulnerable to cold.
   It affects your resistance to hostile enchantments.
 L - a +1 pair of boots (worn)
 M - the +2 ring mail of Dimotiw {rCorr}
   (You found it on level 5 of the Vaults)

   It provides partial protection from all sources of acid and corrosion.
 P - the +0 mask of the Dragon (worn) {MR+ Slay+3 SInv}
   (You found it on level 2 of the Vaults)

   It affects your accuracy and damage with ranged weapons and melee attacks
   (+3).
   It affects your resistance to hostile enchantments.
   It lets you see invisible.
 Y - the +2 pair of gloves "Zew Poawo" (worn) {*Drain rF+ Int+4 SInv}
   (You found it on level 1 of the Spider Nest)

   It affects your intelligence (+4).
   It protects you from fire.
   It lets you see invisible.
   It causes draining when unequipped.
 Z - the +1 ring mail "Tipn" {rF+ MR+}
   (You found it on level 15 of the Dungeon)

   It protects you from fire.
   It affects your resistance to hostile enchantments.
Jewellery
 c - an uncursed ring of positive energy
 g - the ring "Ubyavoris" (right hand) {rF- Str+9 Int+2 Dex-2}
   (You bought it in a shop in a bazaar)

   [ring of dexterity]

   It affects your strength (+9).
   It affects your intelligence (+2).
   It affects your dexterity (-2).
   It makes you vulnerable to fire.
 h - the ring of Huz Purgh {MR+ Dex+6}
   (You acquired it on level 3 of the Elven Halls)

   [ring of protection from magic]

   It affects your dexterity (+6).
   It affects your resistance to hostile enchantments.
 i - an uncursed ring of resist corrosion
 v - an uncursed ring of flight
 y - an uncursed ring of poison resistance
 C - the ring "Uzodwargh" (left hand) {rElec rPois Str+2}
   (You acquired it on level 2 of the Spider Nest)

   [ring of strength]

   It affects your strength (+2).
   It insulates you from electricity.
   It protects you from poison.
 H - an uncursed ring of protection from fire
 N - a +2 ring of evasion
 R - an amulet of regeneration (around neck)
Wands
 E - a wand of polymorph (41)
 G - a wand of flame (23)
 I - a wand of iceblast (42)
 J - a wand of paralysis (66)
 Q - a wand of acid (24)
 S - a wand of disintegration (25)
 X - a wand of enslavement (23)
Scrolls
 m - 4 scrolls of blinking
 o - 11 scrolls of magic mapping
 p - 5 scrolls of enchant weapon
 r - 14 scrolls of fear
 u - 18 scrolls of remove curse
 w - 14 scrolls of identify
 x - 17 scrolls of teleportation
 F - 2 scrolls of silence
Potions
 j - 29 potions of curing
 s - 6 potions of invisibility
 t - 8 potions of might
 z - 4 potions of resistance
 K - 5 potions of heal wounds
 T - 4 potions of haste
 U - 10 potions of flight
 V - 6 potions of agility
Miscellaneous
 l - a lightning rod (4/4)
 W - a lamp of fire
Comestibles
 f - 55 rations


   Skills:
 + Level 26.6 Fighting
 - Level 16.0 Axes
 + Level 23.4 Armour
 + Level 21.0 Shields
 - Level 20.0 Invocations


You had 24 spell levels left.
You didn't know any spells.
Your spell library contained the following spells:

 Spells                   Type           Power        Failure   Level  Hunger
 Animate Skeleton         Necr           N/A          95%         1    ##.....
 Apportation              Tloc           #.....       95%         1    ##.....
 Confusing Touch          Hex            #.....       95%         1    ##.....
 Flame Tongue             Conj/Fire      #....        95%         1    ##.....
 Magic Dart               Conj           #...         95%         1    ##.....
 Pain                     Necr           #...         95%         1    ##.....
 Sandblast                Erth           #.....       95%         1    ##.....
 Shock                    Conj/Air       #...         95%         1    ##.....
 Sting                    Conj/Pois      #...         95%         1    ##.....
 Summon Butterflies       Summ           #.......     95%         1    ##.....
 Summon Small Mammal      Summ           #...         95%         1    ##.....
 Blink                    Tloc           N/A          99%         2    ###....
 Call Imp                 Summ           #.......     99%         2    ###....
 Passwall                 Tmut/Erth      #.......     99%         2    ###....
 Poisonous Vapours        Pois/Air       #.....       99%         2    ###....
 Searing Ray              Conj           #.....       99%         2    ###....
 Slow                     Hex            #.......     99%         2    ###....
 Throw Flame              Conj/Fire      #.....       99%         2    ###....
 Throw Frost              Conj/Ice       #.....       99%         2    ###....
 Call Canine Familiar     Summ           #.......     100%        3    ####...
 Confuse                  Hex            #.......     100%        3    ####...
 Conjure Flame            Conj/Fire      #.......     100%        3    ####...
 Dazzling Spray           Conj/Hex       #.....       100%        3    ####...
 Gell's Gravitas          Tloc           #.........   100%        3    ####...
 Inner Flame              Hex/Fire       #.......     100%        3    ####...
 Lesser Beckoning         Tloc           #.........   100%        3    ####...
 Mephitic Cloud           Conj/Pois/Air  #.......     100%        3    ####...
 Portal Projectile        Hex/Tloc       #.....       100%        3    ####...
 Regeneration             Chrm/Necr      #.........   100%        3    ####...
 Stone Arrow              Conj/Erth      #.....       100%        3    ####...
 Tukima's Dance           Hex            #.......     100%        3    ####...
 Vampiric Draining        Necr           #.........   100%        3    ####...
 Animate Dead             Necr           N/A          100%        4    #####..
 Cause Fear               Hex            #.........   100%        4    #####..
 Force Lance              Conj/Tloc      #.......     100%        4    #####..
 Fulminant Prism          Conj/Hex       #.........   100%        4    #####..
 Ice Form                 Ice/Tmut       #.......     100%        4    #####..
 Iskenderun's Mystic Bla  Conj           #.......     100%        4    #####..
 Leda's Liquefaction      Hex/Erth       #.........   100%        4    #####..
 Olgreb's Toxic Radiance  Pois           #.......     100%        4    #####..
 Petrify                  Tmut/Erth      #.......     100%        4    #####..
 Sticky Flame             Conj/Fire      #.......     100%        4    #####..
 Summon Ice Beast         Ice/Summ       #.......     100%        4    #####..
 Alistair's Intoxication  Tmut/Pois      #.......     100%        5    ######.
 Aura of Abjuration       Summ           #.........   100%        5    ######.
 Bolt of Magma            Conj/Fire/Erth #.........   100%        5    ######.
 Fireball                 Conj/Fire      #.........   100%        5    ######.
 Iskenderun's Battlesphe  Conj/Chrm      #.......     100%        5    ######.
 Lee's Rapid Deconstruct  Erth           #.........   100%        5    ######.
 Metabolic Englaciation   Hex/Ice        #.........   100%        5    ######.
 Silence                  Hex/Air        #.........   100%        5    ######.
 Venom Bolt               Conj/Pois      #.........   100%        5    ######.
 Yara's Violent Unravell  Hex/Tmut       #.........   100%        5    ######.
 Bolt of Cold             Conj/Ice       #.........   100%        6    #######
 Bolt of Fire             Conj/Fire      #.........   100%        6    #######
 Deflect Missiles         Chrm/Air       #.........   100%        6    #######
 Dispersal                Tloc           #.........   100%        6    #######
 Freezing Cloud           Conj/Ice/Air   #.........   100%        6    #######
 Invisibility             Hex            #.......     100%        6    #######
 Iron Shot                Conj/Erth      #.........   100%        6    #######
 Ozocubu's Refrigeration  Ice            #.........   100%        6    #######
 Poison Arrow             Conj/Pois      #.........   100%        6    #######
 Simulacrum               Ice/Necr       #.........   100%        6    #######
 Dragon Form              Tmut           #.........   100%        7    #######
 Orb of Destruction       Conj           #.........   100%        7    #######
 Spellforged Servitor     Conj/Summ      #.........   100%        7    #######
 Summon Hydra             Summ           #.........   100%        7    #######
 Chain Lightning          Conj/Air       #.........   100%        8    #######
 Controlled Blink         Tloc           N/A          100%        8    #######
 Discord                  Hex            #.........   100%        8    #######
 Disjunction              Tloc           #.........   100%        8    #######
 Lehudib's Crystal Spear  Conj/Erth      #.........   100%        8    #######
 Dragon's Call            Summ           #.........   100%        9    #######
 Fire Storm               Conj/Fire      #.........   100%        9    #######
 Glaciate                 Conj/Ice       #.........   100%        9    #######


Dungeon Overview and Level Annotations

Branches:
Dungeon (15/15)            Temple (0/1) D:6            Lair (6/6) D:9
  Swamp (4/4) Lair:3       Spider (4/4) Lair:3        Slime (0/5) Lair:5
    Orc (2/2) D:9             Elf (3/3) Orc:2        Vaults (5/5) D:13
  Crypt (0/3) Vaults:3     Depths (5/5) D:15            Zot (1/5) Depths:5

Altars:
Dithmenos
Hepliaklqana
Kikubaaqudgha
Okawaru
Qazlal
Ru
Trog
Vehumet
Wu Jian
Yredelemnul
The Shining One
Beogh

Shops:
D:8 (   Orc:1 *   Orc:2 [*}([:*   Elf:2 **%%[   Elf:3 *   Vaults:5 [}(!

Portals:
Hell: Depths:1 Depths:2 Depths:3 Depths:4 Depths:5
Abyss: Depths:2 Depths:4 Depths:5
Pandemonium: Depths:2 Depths:3 Depths:4 Depths:5
Ziggurat: Depths:1

Annotations:
Depths:3 exclusion: ice statue


Innate Abilities, Weirdness & Mutations

You have a pair of small antennae on your head.
You are resistant to hostile enchantments. (MR+)
You occasionally shout uncontrollably at your foes.


Message History

You block the tentacled monstrosity's attack. x2
* * * LOW HITPOINT WARNING * * *
The tentacled monstrosity constricts you!
The orb of fire glows red.
The fireball explodes!
The fireball engulfs your draconian knight zombie!!!
The fireball engulfs your ghoul skeleton!!!!
Your ghoul skeleton is destroyed!
The fireball engulfs the orb of fire.
The orb of fire completely resists.
Your draconian knight zombie hits the orb of fire but does no damage.
You slice the tentacled monstrosity like a ripe choko!!!
You kill the tentacled monstrosity!
Yredelemnul accepts your kill.
As you read the scroll of remove curse, it crumbles to dust.
You feel as if something is helping you.
The orb of fire glows yellow.
The bolt of fire hits your draconian knight zombie!!
The bolt of fire hits you!!!!
You die...
Your body rises from the dead as a mindless zombie.

.. ..#..# #..#..
.....#### ...#.#...
####.##.....
#....#...... ##
##.@.......# ...
#..(%....## #..
#..)#...###
##...###Z#.....# ####
#.....##*#.....##(..##
......)))###..##.....##
...#######.#.##.......##
........'.........+
..^####.#.........#


You could see an orb of fire and a friendly draconian knight zombie.

Vanquished Creatures
  An ancient lich (Vaults:5)
  A juggernaut (Depths:5)
  Boris (Depths:5)
  A caustic shrike (Depths:4)
  Saint Roka (Vaults:3)
  4 golden dragons
  3 liches
  2 tentacled monstrosities (Zot:1)
  Rupert (D:15)
  A quicksilver dragon (Depths:5)
  4 deep elf blademasters
  6 titans
  3 shadow dragons
  A deep elf master archer (Elf:3)
  3 storm dragons (Vaults:5)
  A sphinx (Vaults:4)
  A draconian monk (Zot:1)
  The ghost of Tarias the Severer, a journeyman DDFi of Makhleb (Swamp:3)
  Donald (Elf:2)
  3 deep elf sorcerers
  3 tengu reavers
  A draconian scorcher (Zot:1)
  5 fire giants
  A draconian knight (Zot:1)
  9 vault wardens
  An iron dragon (Vaults:5)
  A balrug (Depths:1)
  5 frost giants
  2 draconian stormcallers (Zot:1)
  4 deep elf elementalists
  A draconian shifter (Depths:5)
  10 ironheart preservers
  4 war gargoyles (Vaults:5)
  6 stone giants
  2 draconian annihilators (Zot:1)
  18 very ugly things
  5 entropy weavers
  An entropy weaver (shapeshifter) (Depths:5)
  Nessos (D:15)
  9 deep elf annihilators
  7 deep elf demonologists (Elf:3)
  3 black draconians
  A white draconian (Zot:1)
  2 dire elephants (Lair:6)
  3 purple draconians
  A spark wasp (Depths:4)
  A red draconian (Depths:5)
  A blizzard demon (Depths:3)
  4 deep elf death magi
  10 ettins
  3 ogre magi
  A great orb of eyes (shapeshifter) (Vaults:5)
  4 fire dragons
  4 deep elf high priests
  16 yaktaur captains
  2 great orbs of eyes
  3 rakshasas
  23 vault guards
  12 ice dragons
  A hell beast (Depths:4)
  2 spriggan air magi
  3 hydras
  6 alligators
  4 ghost crabs (Swamp:1)
  10 dancing weapons
  14 two-headed ogres
  3 death knights
  A small abomination (Vaults:5)
  3 tengu warriors
  4 deep troll earth magi
  8 centaur warriors
  5 death yaks
  A vampire mage (Depths:5)
  6 deep troll shamans
  4 spriggan berserkers
  9 deep elf knights
  A shadow wraith (Vaults:1)
  5 hell knights
  A spark wasp zombie (Depths:4)
  3 skeletal warriors
  A storm dragon skeleton (Depths:3)
  2 flayed ghosts
  A swamp dragon (shapeshifter) (Vaults:3)
  2 spriggan druids
  A shadow demon (Depths:2)
  A tengu zombie (Depths:3)
  11 deep trolls
  3 glowing orange brains
  An unseen horror (shapeshifter) (D:13)
  4 unseen horrors
  4 wizards
  A harpy (shapeshifter) (Vaults:5)
  6 swamp dragons
  3 deep elf archers
  7 ironbrand convokers
  4 necromancers
  6 orc knights
  4 phantasmal warriors
  4 orb spiders
  A wolf spider (shapeshifter) (Vaults:2)
  6 wolf spiders
  2 orc sorcerers
  33 ugly things
  35 deep elf magi
  2 manticores
  2 cyclopes
  A black mamba (Lair:1)
  Maurice (D:11)
  A salamander (shapeshifter) (Vaults:2)
  A centaur zombie (D:14)
  6 elephants
  A moth of wrath (Spider:2)
  An ice statue (Depths:3)
  Psyche (D:9)
  A torpor snail (Lair:4)
  10 vault sentinels
  2 naga magi (Vaults:2)
  2 smoke demons
  3 apocalypse crabs (Swamp:1)
  10 spiny frogs
  A spiny frog (shapeshifter) (Vaults:4)
  A storm dragon simulacrum (Vaults:3)
  A yaktaur (shapeshifter) (Depths:5)
  3 komodo dragons
  A komodo dragon (shapeshifter) (Vaults:3)
  42 yaktaurs
  6 freezing wraiths
  4 ice devils
  2 efreet
  5 demonic crawlers
  3 tengu conjurers
  9 jumping spiders
  6 trolls
  4 meliai
  5 tyrant leeches
  A queen bee (Spider:4)
  2 polar bears (Lair:2)
  A wind drake (shapeshifter) (Depths:3)
  A polar bear (shapeshifter) (Vaults:2)
  12 hornets
  5 blink frogs
  An iron dragon simulacrum (Depths:3)
  13 slime creatures
  A dream sheep (shapeshifter) (Depths:5)
  A centaur simulacrum (D:14)
  7 hippogriffs
  An ice dragon skeleton (D:15)
  Sigmund (D:3)
  9 tarantellas
  12 water elementals
  A spriggan (shapeshifter) (Elf:3)
  6 yaks
  A ynoxinul (Depths:2)
  38 redbacks
  5 spriggans
  2 wraiths
  A human (shapeshifter) (Vaults:3)
  A basilisk (Lair:3)
  3 wyverns
  A fire elemental (Elf:2)
  3 hogs (Elf:1)
  5 vampire mosquitoes
  2 hungry ghosts (D:11)
  4 soldier ants (Spider:2)
  A warg (Vaults:2)
  8 swamp worms
  4 water moccasins
  An acid dragon (D:13)
  Duvessa (D:7)
  3 porcupines
  6 swamp drakes
  A hell hound (Depths:3)
  23 orc warriors
  3 ice beasts
  3 sky beasts
  2 black bears
  A necrophage (D:4)
  3 eyes of draining
  A phantom (D:5)
  An eye of draining (shapeshifter) (Depths:5)
  An elf zombie (Vaults:3)
  14 boggarts
  15 centaurs
  27 ogres
  6 crocodiles
  3 big kobolds
  14 bullfrogs
  A gnoll sergeant (D:9)
  4 scorpions
  11 killer bees (Spider:4)
  6 wights
  2 howler monkeys
  An electric eel (Spider:2)
  9 crimson imps
  A bullfrog zombie (D:10)
  5 centaur skeletons
  5 hounds
  6 jellies
  17 orc priests
  Crazy Yiuf (D:3)
  12 orc wizards
  2 bullfrog skeletons
  4 iguanas
  Natasha (thrice) (D:3)
  13 worker ants
  2 hound zombies
  A mummy (D:8)
  2 worker ant zombies
  3 gnolls
  13 adders
  7 shadow imps
  3 white imps
  An ufetubus (Vaults:4)
  An adder zombie (D:6)
  2 adder skeletons
  3 worms
  4 dart slugs
  3 leopard geckos
  84 orcs
  3 ball pythons
  7 bats
  6 giant cockroaches
  11 goblins
  8 hobgoblins
  13 jackals
  16 kobolds
  4 quokkas
  6 frilled lizards
  2 giant cockroach zombies
  An orc skeleton (D:7)
  7 rats
  A spectral orc (D:5)
  7 briar patches
  A crawling corpse (Vaults:5)
  3 fungi
  6 plants
1222 creatures vanquished.

Vanquished Creatures (collateral kills)
  An ancient lich (Depths:3)
  A juggernaut (Depths:4)
  Boris (twice) (Vaults:3 Depths:3)
  Margery (Depths:3)
  Jory (Vaults:4)
  the Lernaean hydra (Swamp:4)
  Frederick (Vaults:3)
  A golden dragon (Vaults:5)
  Nikola (Vaults:1)
  2 tentacled monstrosities (Vaults:5)
  5 liches
  A titan (Vaults:5)
  A deep elf master archer (Elf:3)
  3 deep elf blademasters
  2 quicksilver dragons (Depths:5)
  A death cob (Zot:1)
  2 sphinxes
  The ghost of Isiynod the Executioner, an adept MiBe of Trog (Spider:1)
  Frances (Swamp:1)
  6 thorn hunters
  The ghost of Armakuni the Fencer, an adept HuBe of Trog (Swamp:4)
  Kirke (Elf:1)
  2 storm dragons
  4 shadow dragons
  A tengu reaver (Depths:5)
  6 fire giants
  A fire giant (shapeshifter) (Vaults:5)
  A draconian scorcher (Zot:1)
  8 emperor scorpions
  An orc warlord (Orc:2)
  7 vault wardens
  7 frost giants
  4 ghost moths
  A juggernaut zombie (D:15)
  5 ironheart preservers
  3 deep elf elementalists (Elf:3)
  13 stone giants
  10 very ugly things
  3 war gargoyles
  A green draconian (Depths:5)
  3 deep elf demonologists
  The ghost of Camlann the Nimble, a journeyman DsMo of Ru (Orc:1)
  9 entropy weavers
  6 spriggan defenders
  A vampire knight (Vaults:3)
  A white draconian (Depths:5)
  3 dire elephants (Lair:6)
  A deep elf annihilator (Vaults:3)
  A yellow draconian (Depths:5)
  A spark wasp (Depths:4)
  An eidolon (Vaults:3)
  2 deep elf death magi
  A blizzard demon (Depths:1)
  8 ettins
  5 ogre magi
  4 fire dragons
  Erolcha (D:9)
  6 yaktaur captains
  A rakshasa (Depths:4)
  2 deep elf high priests
  4 ice dragons
  A hell beast (Depths:3)
  13 hydras
  3 great orbs of eyes
  2 catoblepae (Lair:2)
  13 vault guards
  2 spriggan air magi
  2 shambling mangroves
  A ghost crab (Swamp:1)
  A death knight (Vaults:3)
  A juggernaut simulacrum (Depths:3)
  Erica (D:8)
  An anaconda (Lair:6)
  12 alligators
  22 two-headed ogres
  8 dancing weapons
  6 centaur warriors
  4 deep troll earth magi
  6 deep troll shamans
  3 tengu warriors
  A vampire mage (Depths:1)
  A queen ant (Spider:2)
  A sun demon (Depths:1)
  4 spriggan berserkers
  18 deep elf knights
  6 skeletal warriors
  3 iron trolls
  15 deep trolls
  4 wizards
  A glowing orange brain (Depths:4)
  A torturous demonspawn (Depths:4)
  The ghost of PeterQ the Covert, a novice VSAs of Hepliaklqana (D:9)
  8 hell knights
  2 flayed ghosts (Depths:1)
  7 deep elf archers
  5 necromancers
  8 orc knights
  A sphinx zombie (Depths:3)
  9 ironbrand convokers
  37 deep elf magi
  5 swamp dragons (Swamp:4)
  A golden dragon skeleton (Depths:4)
  13 orb spiders
  14 wolf spiders
  A wolf spider (shapeshifter) (Depths:5)
  6 cyclopes
  An orc sorcerer (Vaults:3)
  20 ugly things
  A manticore (D:13)
  A frost giant skeleton (Depths:4)
  3 black mambas
  A centaur zombie (D:15)
  7 elephants
  4 vault sentinels
  A moth of wrath (Spider:4)
  2 smoke demons (Depths:1)
  A rust devil (Depths:3)
  6 spiny frogs
  27 yaktaurs
  A yaktaur zombie (Vaults:3)
  A komodo dragon (D:11)
  4 tengu conjurers (Depths:1)
  2 rime drakes
  5 ice devils
  9 freezing wraiths
  27 jumping spiders
  8 demonic crawlers
  12 trolls
  A guardian mummy (D:15)
  2 polar bears (Lair:2)
  2 meliai (Spider:3)
  4 tyrant leeches
  19 hornets
  An ettin zombie (Vaults:3)
  2 raiju (shapeshifter)
  A blink frog (shapeshifter) (Depths:3)
  A deep troll zombie (Depths:4)
  5 bog bodies
  A meliai zombie (D:15)
  21 blink frogs
  3 hippogriffs
  12 slime creatures
  11 spriggans
  A shadow (D:13)
  A ynoxinul (Depths:4)
  A wraith (Vaults:1)
  A deep troll skeleton (D:15)
  An elf skeleton (Depths:4)
  55 redbacks
  A redback (shapeshifter) (Vaults:5)
  2 air elementals (Elf:1)
  20 tarantellas
  A wyvern (D:9)
  A human (shapeshifter) (Vaults:3)
  4 yaks
  2 yaks (shapeshifter)
  7 water elementals
  3 vampire mosquitoes
  3 fire elementals
  2 neqoxecs (Depths:4)
  A basilisk (Lair:2)
  2 chaos spawn
  5 insubstantial wisps (Swamp:1)
  5 wargs
  8 swamp worms
  19 soldier ants
  A human skeleton (D:15)
  2 porcupines
  6 swamp drakes
  A water moccasin (Lair:6)
  A sky beast (shapeshifter) (Depths:1)
  16 ogres
  16 orc warriors
  A phantom (D:8)
  2 boggarts (Depths:2)
  3 wolves (Lair:1)
  8 centaurs
  6 crocodiles
  6 bullfrogs
  Dowan (D:7)
  A wight (D:10)
  3 electric eels
  9 crimson imps
  A jelly (D:14)
  2 quasits (Depths:4)
  A bullfrog skeleton (D:10)
  A gnoll shaman (D:7)
  6 orc priests
  An iron imp (Depths:4)
  6 orc wizards
  19 worker ants
  3 gnolls
  2 adders (D:8)
  A shadow imp (Depths:4)
  5 white imps (Depths:1)
  32 orcs
  A kobold (D:10)
  A goblin zombie (D:8)
  A hobgoblin zombie (D:8)
  7 briar patches
  A bush (Lair:6)
  A crawling corpse (Vaults:5)
  22 fungi
  37 plants
  2 withered plants (D:15)
1064 creatures vanquished.

Vanquished Creatures (others)
  5 bone dragons
  3 profane servitors
  9 ghouls
  6 vampire knights
  9 very ugly thing zombies
  An ettin (Vaults:5)
  2 storm dragon zombies (Vaults:5)
  3 titan zombies (Vaults:5)
  A deep elf knight (Elf:1)
  2 spriggan druids (Swamp:1)
  11 skeletal warriors
  An unseen horror (D:13)
  6 flayed ghosts
  A shadow dragon zombie (Vaults:5)
  8 phantasmal warriors
  An orb spider (Spider:4)
  7 ugly thing zombies
  3 wolf spider zombies
  A deep elf mage (Elf:3)
  A sphinx skeleton (Vaults:4)
  4 stone giant zombies
  4 fire giant zombies
  2 draconian zombies (Zot:1)
  An apocalypse crab (Swamp:1)
  A water nymph (shapeshifter) (Depths:4)
  7 redback zombies
  A swamp worm zombie (Swamp:4)
  An elf skeleton (Vaults:5)
  A ghoul skeleton (Zot:1)
  5 yaktaur skeletons
  5 hydra zombies (Swamp:4)
  A demonic crawler zombie (Spider:1)
  5 jumping spider zombies
  A tarantella zombie (Spider:2)
  2 black mamba zombies
  2 ice dragon zombies
  6 flying skulls
  2 ettin zombies
  An alligator skeleton (Swamp:4)
  3 wraiths
  8 vampires
  7 two-headed ogre zombies
  2 spiny frog zombies
  5 hornet zombies
  A swamp dragon zombie (Swamp:4)
  5 blink frog zombies
  An elephant zombie (Lair:4)
  4 elf zombies
  A vampire mosquito zombie (Swamp:3)
  A blink frog skeleton (Swamp:2)
  A rime drake zombie (Lair:6)
  27 human zombies
  10 yaktaur zombies
  A komodo dragon zombie (D:11)
  2 cyclops zombies (Orc:2)
  2 human skeletons (Vaults:5)
  2 hippogriff skeletons
  A hippogriff zombie (Lair:6)
  2 water moccasin zombies (Lair:6)
  3 polar bear zombies (Lair:2)
  A scorpion (shapeshifter) (Vaults:5)
  2 warg zombies
  2 yak zombies
  3 tengu zombies
  2 troll zombies
  9 spriggan zombies
  3 wights
  A yak skeleton (Lair:1)
  A spriggan skeleton (Depths:5)
  2 troll skeletons
  2 centaur zombies
  3 bullfrog zombies
  A wolf skeleton (Lair:1)
  3 bullfrog skeletons
  A bog body skeleton (Swamp:3)
  4 centaur skeletons
  A porcupine zombie (Lair:2)
  A killer bee zombie (Spider:4)
  3 crocodile zombies
  5 ogre zombies
  A crocodile skeleton (Lair:6)
  A mummy (Lair:2)
  3 worker ant zombies (Spider:2)
  2 swamp drake zombies (Swamp:4)
  5 orc skeletons
  2 adder zombies
  An electric eel skeleton (Lair:1)
  A gnoll zombie (D:8)
  A jackal skeleton (D:7)
  23 orc zombies
  A quokka skeleton (D:10)
  6 briar patches
  2 fungi
  35 plants
  4 toadstools (Lair:2)
  9 withered plants (D:15)
369 creatures vanquished.

Grand Total: 2655 creatures vanquished

Notes
Turn   | Place    | Note
-------+----------+-------------------------------------------
     0 | D:1      | TBExtent the Hill Orc Fighter began the quest for the Orb.
     0 | D:1      | Reached XP level 1. HP: 19/19 MP: 1/1
   143 | D:1      | Reached skill level 4 in Fighting
   143 | D:1      | Reached XP level 2. HP: 25/27 MP: 2/2
   327 | D:1      | Reached XP level 3. HP: 33/34 MP: 3/3
   711 | D:2      | Noticed an earth elemental
   713 | D:2      | Found a stormy altar of Qazlal.
   714 | D:2      | Noticed an air elemental
   714 | D:2      | Noticed a water elemental
   714 | D:2      | Noticed a fire elemental
   843 | D:2      | Reached XP level 4. HP: 41/41 MP: 4/4
   852 | D:2      | Found an ancient bone altar of Kikubaaqudgha.
  1068 | D:2      | Reached skill level 5 in Fighting
  1424 | D:3      | Noticed Natasha
  1444 | D:3      | Reached skill level 5 in Axes
  1444 | D:3      | Reached XP level 5. HP: 19/48 MP: 5/5
  1655 | D:3      | Killed Natasha
  1718 | D:3      | Reached skill level 6 in Fighting
  1740 | D:3      | Noticed Natasha
  1750 | D:3      | Reached XP level 6. HP: 57/57 MP: 6/6
  1762 | D:3      | Killed Natasha
  2034 | D:3      | Noticed Natasha
  2041 | D:3      | Killed Natasha
  2063 | D:3      | Found a runed translucent door.
  2064 | D:3      | Noticed Crazy Yiuf
  2083 | D:3      | Noticed Sigmund
  2093 | D:3      | Killed Sigmund
  2093 | D:3      | Reached skill level 7 in Fighting
  2093 | D:3      | Reached XP level 7. HP: 21/66 MP: 7/7
  2591 | D:3      | Killed Crazy Yiuf
  2770 | D:4      | Found a bloodstained altar of Trog.
  2809 | D:4      | Reached skill level 8 in Fighting
  3148 | D:5      | Entered Level 5 of the Dungeon
  3177 | D:5      | Reached XP level 8. HP: 74/74 MP: 8/8
  3198 | D:5      | Found a basalt altar of Yredelemnul.
  3203 | D:5      | Became a worshipper of Yredelemnul the Dark
  3277 | D:5      | Found a sacrificial altar of Ru.
  3481 | D:5      | Found a glowing golden altar of the Shining One.
  3995 | D:5      | Reached skill level 9 in Fighting
  4453 | D:6      | Reached skill level 10 in Axes
  4484 | D:6      | Found a staircase to the Ecumenical Temple.
  4548 | D:6      | Reached * piety under Yredelemnul
  4739 | D:6      | Reached skill level 10 in Fighting
  4739 | D:6      | Reached skill level 1 in Invocations
  4739 | D:6      | Reached XP level 9. HP: 65/85 MP: 8/10
  4823 | D:6      | Found an iron altar of Okawaru.
  5371 | D:7      | Found a hazy altar of Hepliaklqana.
  5397 | D:7      | Reached ** piety under Yredelemnul
  5484 | D:7      | Found an ornate altar of the Wu Jian Council.
  5741 | D:7      | Found a radiant altar of Vehumet.
  5824 | D:7      | Reached skill level 5 in Invocations
  5999 | D:7      | Noticed Duvessa
  5999 | D:7      | Noticed Dowan
  6010 | D:7      | Killed Duvessa
  6020 | D:7      | Killed Dowan
  6020 | D:7      | Reached skill level 11 in Fighting
  6247 | D:8      | Noticed a two-headed ogre
  6267 | D:8      | Noticed Erica
  6343 | D:7      | Killed a two-headed ogre
  6343 | D:7      | Reached XP level 10. HP: 35/96 MP: 14/14
  6719 | D:8      | Killed Erica
  6797 | D:8      | Found Jytuwn's Weapon Boutique.
  7348 | D:8      | Reached *** piety under Yredelemnul
  7426 | D:8      | Found a roughly hewn altar of Beogh.
  7465 | D:8      | Reached skill level 12 in Fighting
  7924 | D:9      | Noticed Psyche
  7937 | D:9      | Killed Psyche
  7992 | D:9      | Found a staircase to the Orcish Mines.
  8109 | D:9      | Found a roughly hewn altar of Beogh.
  8194 | D:9      | Found a shadowy altar of Dithmenos.
  8225 | D:9      | Found a staircase to the Lair.
  8331 | D:9      | Found a runed translucent gate.
  8331 | D:9      | Found a runed translucent gate.
  8332 | D:9      | Found a runed translucent gate.
  8332 | D:9      | Noticed PeterQ's ghost (novice VSAs)
  8348 | D:9      | Reached **** piety under Yredelemnul
  8760 | D:9      | Noticed Erolcha
  8782 | D:9      | Killed Erolcha
  8782 | D:9      | Reached XP level 11. HP: 66/105 MP: 17/17
  9074 | D:10     | Entered Level 10 of the Dungeon
  9261 | D:10     | Noticed a cyclops
  9281 | D:10     | Killed a cyclops
  9345 | D:10     | Received a gift from Yredelemnul (a wight)
  9898 | D:10     | Received a gift from Yredelemnul (a wight)
 10151 | D:11     | Noticed Maurice
 10171 | D:11     | Killed Maurice
 10294 | D:11     | Noticed a death knight
 10321 | D:11     | Killed a death knight
 10321 | D:11     | Reached skill level 5 in Armour
 10321 | D:11     | Received a gift from Yredelemnul (a mummy)
 10565 | D:11     | Reached skill level 5 in Shields
 10573 | D:11     | Noticed a two-headed ogre
 10577 | D:11     | Killed a two-headed ogre
 11178 | Lair:1   | Entered Level 1 of the Lair of Beasts
 11190 | Lair:1   | Reached skill level 13 in Fighting
 11205 | Lair:1   | Reached skill level 10 in Invocations
 11417 | Lair:1   | Received a gift from Yredelemnul (a wraith)
 11765 | Lair:1   | Noticed a seven-headed hydra
 11779 | Lair:1   | Killed a seven-headed hydra
 12048 | Lair:1   | Reached XP level 12. HP: 115/115 MP: 19/19
 12932 | Lair:2   | Noticed a five-headed hydra
 12959 | Lair:2   | Killed an eight-headed hydra
 13217 | Lair:2   | Noticed a catoblepas
 13217 | Lair:2   | Noticed a catoblepas
 13238 | Lair:2   | Found a runed translucent door.
 13604 | Lair:2   | Killed a catoblepas
 13608 | Lair:2   | Killed a catoblepas
 13951 | Lair:3   | Found a hole to the Spider Nest.
 14228 | Lair:3   | Reached skill level 14 in Fighting
 14228 | Lair:3   | Received a gift from Yredelemnul (a wight)
 14292 | Lair:3   | Found a staircase to the Swamp.
 15090 | Lair:4   | Noticed a death yak
 15092 | Lair:4   | Noticed a death yak
 15133 | Lair:4   | Killed a death yak
 15143 | Lair:4   | Killed a death yak
 15152 | Lair:4   | Received a gift from Yredelemnul (2 flying skulls)
 15166 | Lair:4   | Reached XP level 13. HP: 59/125 MP: 17/22
 15844 | Lair:5   | Received a gift from Yredelemnul (a phantasmal warrior)
 15996 | Lair:5   | Found a staircase to the Slime Pits.
 16659 | Lair:6   | Entered Level 6 of the Lair of Beasts
 16669 | Lair:6   | Received a gift from Yredelemnul (a vampire)
 16754 | Lair:6   | Gained mutation: You are resistant to hostile enchantments.
                  | (MR+) [potion of mutation]
 16754 | Lair:6   | Gained mutation: You have a pair of small antennae on your
                  | head. [potion of mutation]
 16754 | Lair:6   | Gained mutation: You possess an exceptional clarity of
                  | mind. [potion of mutation]
 16754 | Lair:6   | Gained mutation: Your mind is acute. (Int +2) [potion of
                  | mutation]
 17542 | Lair:6   | Noticed a dire elephant
 17549 | Lair:6   | Killed a dire elephant
 17549 | Lair:6   | Reached ***** piety under Yredelemnul
 17549 | Lair:6   | Reached skill level 15 in Fighting
 17566 | Lair:6   | Noticed a dire elephant
 17566 | Lair:6   | Noticed a dire elephant
 17575 | Lair:6   | Killed a dire elephant
 17585 | Lair:6   | Killed a dire elephant
 17657 | Lair:6   | Noticed a dire elephant
 17682 | Lair:6   | Killed a dire elephant
 17712 | Lair:6   | Noticed a dire elephant
 17722 | Lair:6   | Killed a dire elephant
 17926 | Lair:6   | Received a gift from Yredelemnul (a vampire)
 18289 | D:9      | Killed PeterQ's ghost
 18349 | Orc:1    | Entered Level 1 of the Orcish Mines
 18402 | Orc:2    | Entered Level 2 of the Orcish Mines
 18402 | Orc:2    | Found Omur Duss's Antique Armour Shoppe.
 18403 | Orc:2    | Noticed an ogre mage
 18419 | Orc:1    | Reached skill level 10 in Armour
 18421 | Orc:1    | Reached skill level 10 in Shields
 18462 | Orc:1    | Reached XP level 14. HP: 48/135 MP: 2/24
 18636 | Orc:1    | Received a gift from Yredelemnul (a wraith)
 18754 | Orc:1    | Received a gift from Yredelemnul (a skeletal warrior)
 18851 | Orc:2    | Found Tuesmu's General Store.
 18859 | Orc:2    | Found Naemibeneang's Gadget Shoppe.
 18862 | Orc:2    | Found Nugydgh's Antique Armour Boutique.
 18865 | Orc:2    | Bought a plate armour for 966 gold pieces
 18883 | Orc:2    | Found Reromaiwk's Antique Weapon Emporium.
 18890 | Orc:2    | Found Jootor's Book Shop.
 18992 | Orc:2    | Noticed an orc warlord
 19015 | Orc:2    | Killed an orc warlord
 19264 | Orc:2    | Received a gift from Yredelemnul (4 flying skulls)
 19346 | Orc:2    | Found Epiateu's General Store.
 19365 | Orc:2    | Bought a scroll of identify for 28 gold pieces
 19458 | Orc:2    | Found a staircase to the Elven Halls.
 19669 | Orc:1    | Found a runed translucent gate.
 19669 | Orc:1    | Found a runed translucent gate.
 19669 | Orc:1    | Found a runed translucent gate.
 19669 | Orc:1    | Noticed Camlann's ghost (journeyman DsMo)
 19760 | Orc:1    | Received a gift from Yredelemnul (a wraith)
 19764 | Orc:1    | Found Qem Yvuz's General Store.
 20611 | D:12     | Reached skill level 16 in Fighting
 20611 | D:12     | Received a gift from Yredelemnul (a skeletal warrior)
 21223 | D:13     | Received a gift from Yredelemnul (a ghoul)
 21270 | D:13     | Identified the +8 falchion of the New World {flame, rC+
                  | Int+4}
 21412 | D:13     | Found a gate to the Vaults.
 21442 | D:13     | Reached skill level 15 in Invocations
 21448 | D:13     | Received a gift from Yredelemnul (a vampire knight)
 22264 | D:14     | Reached XP level 15. HP: 145/145 MP: 26/26
 23024 | D:15     | Entered Level 15 of the Dungeon
 23072 | D:15     | Noticed Rupert
 23086 | D:15     | Killed Rupert
 23238 | D:15     | Got an aquamarine-studded ring mail
 23239 | D:15     | Identified the +1 ring mail "Tipn" {rF+ MR+} (You found it
                  | on level 15 of the Dungeon)
 23428 | D:15     | Received a gift from Yredelemnul (a bone dragon)
 23660 | D:15     | Reached ****** piety under Yredelemnul
 23660 | D:15     | Reached skill level 17 in Fighting
 23700 | D:15     | Found a staircase to the Depths.
 23746 | D:15     | Noticed Nessos
 23760 | D:15     | Killed Nessos
 24577 | Swamp:1  | Entered Level 1 of the Swamp
 24604 | Swamp:1  | Received a gift from Yredelemnul (a ghoul)
 24607 | Swamp:1  | Noticed Frances
 24621 | Swamp:1  | Killed Frances
 24637 | Swamp:1  | HP: 7/147 [poisoned by Frances]
 25033 | Swamp:1  | Found a runed translucent door.
 25039 | Swamp:1  | Noticed a thorn hunter
 25047 | Swamp:1  | Killed a thorn hunter
 25475 | Swamp:1  | Reached XP level 16. HP: 40/155 MP: 18/28
 25666 | Swamp:1  | Received a gift from Yredelemnul (a skeletal warrior)
 25737 | Swamp:1  | Got a faintly humming scale mail
 25738 | Swamp:1  | Identified the +1 scale mail of Dishonour {rElec rF+ Str-5
                  | Dex+7} (You found it on level 1 of the Swamp)
 26061 | Swamp:2  | Noticed a thorn hunter
 26066 | Swamp:2  | Killed a thorn hunter
 26120 | Swamp:2  | Received a gift from Yredelemnul (a flayed ghost)
 26733 | Swamp:3  | Found a runed translucent gate.
 26733 | Swamp:3  | Found a runed translucent gate.
 26733 | Swamp:3  | Found a runed translucent gate.
 26733 | Swamp:3  | Noticed Tarias's ghost (journeyman DDFi)
 26743 | Swamp:3  | Received a gift from Yredelemnul (a ghoul)
 26760 | Swamp:3  | Killed Tarias's ghost
 26772 | Swamp:3  | Noticed a thorn hunter
 26786 | Swamp:3  | Killed a thorn hunter
 27194 | Swamp:3  | Received a gift from Yredelemnul (a ghoul)
 27506 | Swamp:3  | Reached skill level 18 in Fighting
 27931 | Spider:1 | Entered Level 1 of the Spider Nest
 27940 | Spider:1 | Identified the Reference Book on Glacial Attacks
 27983 | Spider:1 | Got a polished war axe
 27984 | Spider:1 | Identified the +5 war axe "Beastslayer" {chop, rElec rPois
                  | rF- MR+} (You found it on level 1 of the Spider Nest)
 28177 | Spider:1 | Received a gift from Yredelemnul (a vampire)
 28263 | Spider:1 | You fall through a shaft!
 28490 | Spider:2 | Got a scorched ivory ring
 28491 | Spider:2 | Identified the ring "Ikloteel" {*Drain MR+ Str-2 Int+10}
                  | (You found it on level 2 of the Spider Nest)
 28516 | Spider:2 | Received a gift from Yredelemnul (a skeletal warrior)
 28783 | Spider:2 | Identified a scroll of acquirement
 28785 | Spider:2 | Got a translucent marble ring
 28786 | Spider:2 | Identified the ring "Uzodwargh" {rElec rPois Str+2} (You
                  | acquired it on level 2 of the Spider Nest)
 29607 | Spider:1 | Found a transporter.
 29611 | Spider:1 | Noticed Isiynod's ghost (adept MiBe)
 29646 | Spider:1 | Found a transporter.
 29722 | Spider:1 | Reached XP level 17. HP: 145/166 MP: 1/29
 29723 | Spider:1 | Received a gift from Yredelemnul (a flayed ghost)
 29730 | Spider:1 | Killed Isiynod's ghost
 29740 | Spider:1 | Got a pair of faintly humming gloves
 29741 | Spider:1 | Identified the +2 pair of gloves "Zew Poawo" {*Drain rF+
                  | Int+4 SInv} (You found it on level 1 of the Spider Nest)
 30344 | Spider:3 | Received a gift from Yredelemnul (a ghoul)
 30803 | Swamp:4  | Entered Level 4 of the Swamp
 30828 | Swamp:4  | Received a gift from Yredelemnul (a bone dragon)
 30951 | Swamp:4  | Found a runed translucent gate.
 30952 | Swamp:4  | Found a runed translucent gate.
 30958 | Swamp:4  | Found a runed translucent gate.
 30975 | Swamp:4  | Noticed Armakuni's ghost (adept HuBe)
 30994 | Swamp:4  | Killed Armakuni's ghost
 31236 | Swamp:4  | Received a gift from Yredelemnul (a vampire knight)
 31373 | Swamp:4  | Noticed the 27-headed Lernaean hydra
 31380 | Swamp:4  | Killed the 27-headed Lernaean hydra
 31385 | Swamp:4  | Received a gift from Yredelemnul (a skeletal warrior)
 31438 | Swamp:4  | Got a decaying rune of Zot
 31523 | Swamp:4  | Reached skill level 19 in Fighting
 32295 | Vaults:1 | Entered Level 1 of the Vaults
 32343 | Vaults:1 | Noticed Nikola
 32356 | Vaults:1 | Killed Nikola
 32426 | Vaults:1 | Reached skill level 15 in Shields
 32445 | Vaults:1 | Reached skill level 15 in Armour
 32446 | Vaults:1 | Received a gift from Yredelemnul (a skeletal warrior)
 32576 | Vaults:1 | Got a steaming battleaxe
 32577 | Vaults:1 | Identified the +3 battleaxe of Circular Logic {drain,
                  | Fragile Dex+5} (You found it on level 1 of the Vaults)
 32723 | Vaults:1 | Received a gift from Yredelemnul (a skeletal warrior)
 32947 | Vaults:1 | Reached XP level 18. HP: 152/176 MP: 31/31
 33713 | Vaults:2 | Received a gift from Yredelemnul (a flayed ghost)
 34007 | Vaults:2 | Identified the +3 robe of Wukhlome {rC+ Regen+ Str+8}
 34203 | Vaults:2 | Noticed a lich
 34203 | Vaults:2 | Received a gift from Yredelemnul (a profane servitor)
 34211 | Vaults:2 | Killed a lich
 34267 | Vaults:2 | Identified the cursed +0 robe of Duty {MR+++ Regen+ Str-4
                  | Dex-2}
 34279 | Vaults:2 | Received a gift from Yredelemnul (a skeletal warrior)
 34308 | Vaults:2 | Found a radiant altar of Vehumet.
 34309 | Vaults:2 | Found the +0 mask of the Dragon {MR+ Slay+3 SInv}
 34850 | Vaults:2 | Received a gift from Yredelemnul (a vampire)
 35086 | Vaults:3 | Reached skill level 15 in Axes
 35151 | Vaults:3 | Noticed Saint Roka
 35189 | Vaults:3 | Killed Saint Roka
 35493 | Vaults:3 | Noticed Boris
 35510 | Vaults:3 | Killed Boris
 35593 | Vaults:3 | Received a gift from Yredelemnul (a phantasmal warrior)
 35620 | Vaults:3 | Reached skill level 20 in Fighting
 35682 | Vaults:3 | Reached XP level 19. HP: 133/185 MP: 32/32
 35840 | Vaults:3 | Found a staircase to the Crypt.
 35921 | Vaults:3 | Noticed Frederick
 35940 | Vaults:3 | Killed Frederick
 36391 | Vaults:3 | Received a gift from Yredelemnul (a phantasmal warrior)
 36931 | Vaults:4 | Received a gift from Yredelemnul (a skeletal warrior)
 37168 | Vaults:4 | Noticed a Brimstone Fiend
 37217 | Vaults:4 | Received a gift from Yredelemnul (a bone dragon)
 37279 | Vaults:4 | Noticed Jory
 37298 | Vaults:4 | Killed Jory
 37567 | Vaults:4 | Reached skill level 21 in Fighting
 38133 | Vaults:4 | Noticed a lich
 38664 | Orc:1    | Killed Camlann's ghost
 38757 | Elf:1    | Entered Level 1 of the Elven Halls
 38793 | Elf:1    | Noticed Kirke
 38812 | Elf:1    | Killed Kirke
 38812 | Elf:1    | Reached XP level 20. HP: 161/198 MP: 34/34
 38877 | Elf:1    | Received a gift from Yredelemnul (a flayed ghost)
 39491 | Elf:2    | Found Irghupt's Armour Shop.
 39491 | Elf:2    | Noticed Donald
 39496 | Elf:2    | Found a runed translucent gate.
 39506 | Elf:2    | Killed Donald
 39603 | Elf:2    | Found a runed translucent gate.
 39604 | Elf:2    | Found a runed translucent gate.
 39635 | Elf:2    | Received a gift from Yredelemnul (a vampire)
 39736 | Elf:2    | Found Dud Hoa's Food Emporium.
 39760 | Elf:2    | Found Siphom's General Store.
 39760 | Elf:2    | Found Xykare's Food Emporium.
 39765 | Elf:2    | Found Side Xops's General Store.
 39767 | Elf:2    | Bought a scroll of identify for 24 gold pieces
 39767 | Elf:2    | Bought a scroll of identify for 24 gold pieces
 39773 | Elf:2    | Bought a scroll of identify for 42 gold pieces
 39773 | Elf:2    | Bought a scroll of teleportation for 63 gold pieces
 39773 | Elf:2    | Bought a potion of curing for 63 gold pieces
 40123 | Elf:2    | Received a gift from Yredelemnul (a flayed ghost)
 40125 | Elf:2    | Reached skill level 22 in Fighting
 40306 | Elf:2    | Received a gift from Yredelemnul (a phantasmal warrior)
 40450 | Elf:3    | Entered Level 3 of the Elven Halls
 40485 | Elf:3    | Found Boamit's Assorted Antiques.
 40494 | Elf:3    | Bought a scroll of identify for 80 gold pieces
 40560 | Elf:3    | Got a brightly glowing steel ring
 40561 | Elf:3    | Identified the ring of Huz Purgh {MR+ Dex+6} (You acquired
                  | it on level 3 of the Elven Halls)
 40640 | Elf:3    | Noticed a Tzitzimitl
 40650 | Elf:3    | Received a gift from Yredelemnul (a skeletal warrior)
 40651 | Elf:3    | Gained mutation: You occasionally shout uncontrollably at
                  | your foes. [a cacodemon]
 40657 | Elf:3    | Noticed a Tzitzimitl
 40657 | Elf:3    | Noticed a Brimstone Fiend
 40662 | Elf:3    | Received a gift from Yredelemnul (a vampire)
 40922 | Elf:3    | Identified the Catalogue of Attacks
 40995 | Elf:3    | Found the +10 large shield of Ignorance {rN+ Int-4}
 41003 | Elf:3    | Received a gift from Yredelemnul (a ghoul)
 41067 | Elf:3    | Got a smoking cloak
 41068 | Elf:3    | Identified the +1 cloak of Yfuxtosu {rCorr Str-2 Dex+6
                  | SInv} (You found it on level 3 of the Elven Halls)
 41091 | Elf:3    | Identified the Volume of the Shifting Escort
 41134 | Elf:3    | Found the +2 cloak of the Thief {+Fog Slay-2 SInv Stlth+}
 41149 | Elf:3    | Identified the Handbook of Earthen Unholy Arts
 41645 | Depths:1 | Entered Level 1 of the Depths
 41676 | Depths:1 | Found a gateway to Hell.
 41862 | Depths:1 | Reached XP level 21. HP: 188/209 MP: 35/35
 41886 | Depths:1 | Found a gateway to a ziggurat.
 42117 | Depths:1 | Received a gift from Yredelemnul (a vampire knight)
 42456 | Depths:2 | Received a gift from Yredelemnul (a vampire knight)
 42640 | Depths:2 | Reached skill level 23 in Fighting
 42663 | Depths:2 | Received a gift from Yredelemnul (a phantasmal warrior)
 42853 | Depths:2 | Found a one-way gate leading to the halls of Pandemonium.
 42865 | Depths:2 | Found a one-way gate to the infinite horrors of the Abyss.
 43827 | Depths:3 | Received a gift from Yredelemnul (a skeletal warrior)
 43900 | Depths:3 | Noticed Boris
 43928 | Depths:3 | Killed Boris
 44006 | Depths:3 | Got a transparent chain mail
 44007 | Depths:3 | Identified the +1 chain mail "Jitantop" {rC- MR+ Dex+2}
                  | (You found it on level 3 of the Depths)
 44021 | Depths:3 | Noticed Margery
 44038 | Depths:3 | Killed Margery
 44042 | Depths:3 | Received a gift from Yredelemnul (a vampire knight)
 44442 | Depths:3 | Received a gift from Yredelemnul (a phantasmal warrior)
 44604 | Depths:3 | Found the ring of Shadows {Umbra +Inv Stlth+}
 44606 | Depths:3 | Reached XP level 22. HP: 143/222 MP: 30/36
 44808 | Depths:3 | Noticed an ancient lich
 44818 | Depths:3 | Killed an ancient lich
 45229 | Depths:4 | Received a gift from Yredelemnul (a bone dragon)
 45407 | Depths:4 | Found a flickering gateway to a bazaar.
 45408 | Depths:4 | Noticed a juggernaut
 45409 | Depths:4 | Noticed a caustic shrike
 45424 | Depths:4 | Reached skill level 24 in Fighting
 45425 | Depths:4 | Killed a juggernaut
 45433 | Depths:4 | Killed a caustic shrike
 45445 | Depths:4 | Received a gift from Yredelemnul (a vampire knight)
 45459 | Depths:4 | Received a gift from Yredelemnul (a phantasmal warrior)
 45594 | Bazaar   | Entered a bazaar
 45631 | Bazaar   | Found Jeidaipe's Antique Weapon Boutique.
 45649 | Bazaar   | Found Lijiaz's Antique Weapon Emporium.
 45666 | Bazaar   | Found Vuneor's Book Boutique.
 45683 | Bazaar   | Found Ditumpi's Jewellery Shoppe.
 45802 | Bazaar   | Bought the cursed ring "Ubyavoris" {rF- Str+9 Int+2 Dex-2}
                  | for 313 gold pieces
 46486 | Depths:5 | Entered Level 5 of the Depths
 46536 | Depths:5 | Noticed Boris
 46566 | Depths:5 | Killed Boris
 46687 | Depths:5 | Noticed a golden dragon
 46713 | Depths:5 | Killed a golden dragon
 47032 | Depths:5 | Reached XP level 23. HP: 232/232 MP: 37/37
 47055 | Depths:5 | Received a gift from Yredelemnul (a profane servitor)
 47292 | Depths:5 | Noticed a juggernaut
 47300 | Depths:5 | Noticed a golden dragon
 47308 | Depths:5 | Killed a juggernaut
 47314 | Depths:5 | Killed a golden dragon
 47316 | Depths:5 | Reached skill level 25 in Fighting
 47330 | Depths:5 | Found a gate to the Realm of Zot.
 47824 | Depths:5 | Received a gift from Yredelemnul (a profane servitor)
 48445 | Spider:4 | Entered Level 4 of the Spider Nest
 48655 | Spider:4 | Received a gift from Yredelemnul (a phantasmal warrior)
 49070 | Spider:4 | Received a gift from Yredelemnul (a vampire)
 49126 | Spider:4 | Got a gossamer rune of Zot
 49733 | Vaults:5 | Entered Level 5 of the Vaults
 49740 | Vaults:5 | Received a gift from Yredelemnul (a vampire)
 49758 | Vaults:5 | Reached XP level 24. HP: 179/243 MP: 37/37
 49827 | Vaults:5 | Noticed an ancient lich
 49845 | Vaults:5 | Killed an ancient lich
 49956 | Vaults:5 | Received a gift from Yredelemnul (a ghoul)
 50003 | Vaults:5 | Reached skill level 26 in Fighting
 50016 | Vaults:5 | Received a gift from Yredelemnul (a ghoul)
 50051 | Vaults:5 | Found Zyoday's Antique Armour Boutique.
 50051 | Vaults:5 | Found Uratiachag's Antique Weapon Shoppe.
 50051 | Vaults:5 | Found Huironin's Gadget Shoppe.
 50062 | Vaults:5 | Found Ybrityot's Distillery.
 50105 | Vaults:5 | Bought a potion of curing for 42 gold pieces
 50105 | Vaults:5 | Bought a potion of heal wounds for 70 gold pieces
 50105 | Vaults:5 | Bought a potion of heal wounds for 70 gold pieces
 50105 | Vaults:5 | Bought a potion of curing for 42 gold pieces
 50221 | Vaults:5 | Received a gift from Yredelemnul (a flayed ghost)
 50339 | Vaults:5 | Got a dazzling ring mail
 50340 | Vaults:5 | Identified the +2 ring mail of Dimotiw {rCorr} (You found
                  | it on level 5 of the Vaults)
 50472 | Vaults:5 | Received a gift from Yredelemnul (a bone dragon)
 50663 | Vaults:5 | Reached XP level 25. HP: 255/255 MP: 37/37
 50807 | Vaults:5 | Got a silver rune of Zot
 51567 | Zot:1    | Entered Level 1 of the Realm of Zot
 51607 | Zot:1    | Received a gift from Yredelemnul (a ghoul)
 51647 | Zot:1    | Noticed an orb of fire
 51652 | Zot:1    | Lost mutation: Your mind is acute. (Int +2) [an orb of
                  | fire]
 51681 | Zot:1    | Lost mutation: You possess an exceptional clarity of mind.
                  | [an orb of fire]
 51682 | Zot:1    | HP: 4/255 [orb of fire/bolt of fire (33)]
 51702 | Zot:1    | Killed from afar by an orb of fire

Vault maps used:
D:1:      scummos_arrival_simple_fountains, minmay_unequal
D:2:      nicolae_qazlal_style_of_elements, kiku_gazebo_garden_becter,
          first_ration
D:3:      grunt_ministairs_8, uniq_sigmund, uniq_natasha,
          uniq_crazy_yiuf_cottage
D:4:      trog_eyes_of_draining, minmay_stone_trees_medium
D:5:      nicolae_tso_swordbearing_angel, yredelemnul_forgotten_temple_becter,
          nicolae_ru_awakened_eye
D:6:      temple_hall, okawaru_gym_becter
D:7:      lemuel_doored_altar, fiery_altar_vehumet, lemuel_round_altar,
          uniq_duvessa
D:8:      minmay_ornate_pinched, special_room, nicolae_ossuary_entry_giza,
          serial_shops, nicolae_shop_stone, uniq_erica
D:9:      grunt_dithmenos_smoke_and_mirrors, lair_entry_dummy,
          minmay_orc_entry_temple_small, ebering_ghost_rock_garden, uniq_psyche,
          uniq_erolcha
D:10:     grunt_pizzeria
D:11:     uniq_maurice
D:13:     lightli_vaults_fourway_checkpoint, serial_bayou_pond_e,
          nicolae_water_bricks
D:15:     gammafunk_depths_entry_grave, kennysheep_pointless_box,
          corner_web_ring, uniq_nessos, uniq_rupert
Lair:1:   gauntlet_entry_generic, serial_bayou_lake_a
Lair:2:   gammafunk_lair_enchanted_lake, cheibrodos_lair_lostbears
Lair:3:   minmay_swamp_entry_worms, spider_nest_entry_a
Lair:5:   slime_dummy, infiniplex_staircase_pool_2, grunt_megastairs_5,
          serial_bayou_shore_b
Lair:6:   due_jungle_book, chequers_serial_rivers_room_b, grunt_megastairs_1,
          serial_bayou_shore_b
Swamp:1:  gammafunk_mikee_crab_dinner, infiniplex_staircase_pool, swamp_pool1,
          nicolae_swamp_treefoil, uniq_frances
Swamp:2:  evilmike_swamp_ruin_house_4
Swamp:3:  ebering_ghost_rock_garden, hangedman_swamp_cone
Swamp:4:  swamp_old_school, ebering_ghost_rock_garden
Spider:1: gammafunk_ghost_arena
Spider:2: zaba_anthell
Spider:3: hangedman_spider_tarantella_strand
Spider:4: grunt_spider_rune_circles, nicolae_looking_at_the_future
Orc:1:    serial_shops, shop, ebering_ghost_rock_garden
Orc:2:    st_orc_open, serial_shops, shop, shop, shop_statue
Elf:1:    minmay_elf_arrival_plus, hangedman_elf_disciples, uniq_kirke
Elf:2:    serial_shops, shop, shop_coins, nicolae_shop_crystal, shop,
          shop_statue, uniq_donald
Elf:3:    grunt_elf_hall_branching, serial_shops, shop
Vaults:1: vaults_dpeg_spiral, hangedman_vaults_stretched_pinwheel,
          ontoclasm_vaults_twist, v_alt_pattern_4, vaults_room_door_hall,
          uniq_nikola
Vaults:2: v_misc_4, ontoclasm_vaults_gateway, grunt_tower_of_power,
          vaults_room_grid, v_misc_17, nicolae_vaults_theta,
          hangedman_vaults_pinch, nicolae_vaults_theta,
          nicolae_vaults_little_squares_2, vaults_standard_mumra_lines,
          ontoclasm_vaults_shuriken, v_rooms_6, vaults_room_fancy_cross,
          vaults_room_hallway, nicolae_vaults_angled_halls, v_misc_9
Vaults:3: nicolae_vaults_little_squares_4, v_rooms_3,
          minmay_crypt_entry_simple_round, ontoclasm_vaults_eye,
          nicolae_vaults_network_periphery, hangedman_vaults_corner_blocks,
          ontoclasm_vaults_spin, ontoclasm_vaults_shout, vaults_room_pools,
          nicolae_vaults_triangles, vaults_mumra_hex,
          ontoclasm_vaults_ring_small, uniq_frederick, uniq_saint_roka,
          uniq_boris
Vaults:4: v_pattern_1, nicolae_vaults_hallways_thing, v_rooms_5,
          ontoclasm_vaults_hangar, vaults_room_pools,
          nicolae_vaults_fighting_squares, v_misc_8, v_alt_pattern_2,
          vaults_room_pool, hangedman_vaults_slice, serial_ice_b,
          v_alt_pattern_1, nicolae_vaults_specimen_jars, uniq_jory
Vaults:5: serial_shops
Depths:1: enter_ziggurat_f, hell_entry, chequers_serial_rivers_small_a,
          nrook_mini_vaults, minmay_fire_ice_demons
Depths:2: grunt_double_whammy, rand_demon_pan_entry_5, pf_coc_iceberg,
          abyss_entry, minmay_misc_feat_rows, minivault_16, dk_noncrumbling_2,
          eino_small_chamber_without_monster, serial_sigils_hangedman_scratch,
          serial_bayou_lagoon_a
Depths:3: cheibrodos_cascadia, grunt_mini_vestibule, grunt_pan_entry_in_and_out,
          uniq_margery
Depths:4: hangedman_cross_cluster, hell_entry, abyss_entry, minmay_holes,
          serial_shops, bzr_in_the_mist, grunt_pan_entry_zigzag
Depths:5: grunt_runaround, abyss_entry, pan_entry, hell_entry
Zot:1:    hangedman_player_shredder
Bazaar:   bazaar_jpeg_circle_common

Skill      XL: |  1  2  3  4  5  6  7  8  9 10 11 12 13 14 15 16 17 18 19 20 21 22 23 24 25 |
---------------+----------------------------------------------------------------------------+-----
Axes           | 3 4 5 7 8 10 11 13 14 15 16 | 16.0
Fighting       | 4 5 6 7 8 10 11 12 13 14 15 16 17 18 19 20 21 22 23 24 25 26 | 26.6
Invocations    | 1 6 9 10 12 13 15 16 17 18 19 20 | 20.0
Armour         | 4 6 8 10 11 13 14 15 16 17 19 20 21 22 23 | 23.4
Shields        | 4 6 8 10 11 13 14 15 17 18 19 20 21 | 21.0

Action                   |  1- 3 |  4- 6 |  7- 9 | 10-12 | 13-15 | 16-18 | 19-21 | 22-24 | 25-27 || total
-------------------------+-------+-------+-------+-------+-------+-------+-------+-------+-------++-------
Melee: War axe           |   112 |   164 |   340 |   754 |  1048 |  1115 |   902 |   883 |   130 ||  5448
Invok: Animate Remains   |       |       |    15 |     7 |       |       |       |       |       ||    22
       Animate Dead      |       |       |       |    53 |    67 |    84 |    45 |    52 |     3 ||   304
       Recall Undead Sla |       |       |       |     2 |     5 |    11 |     5 |     4 |     1 ||    28
       Drain Life        |       |       |       |     1 |    11 |     5 |    10 |    11 |     6 ||    44
 Abil: Stop Flying       |       |       |       |       |       |     1 |       |       |       ||     1
       Evoke Flight      |       |       |       |       |       |     1 |       |       |       ||     1
Evoke: Wand              |       |       |       |     9 |     3 |       |     1 |       |       ||    13
  Use: Potion            |     3 |     5 |     4 |     7 |     4 |     1 |       |     3 |     3 ||    30
       Scroll            |     3 |     2 |     7 |    11 |    10 |    12 |     8 |    11 |     2 ||    66
 Stab: Invisible         |       |       |     3 |       |       |       |       |       |       ||     3
       Distracted        |       |       |     1 |     7 |     9 |    12 |    21 |    20 |     2 ||    72
       Paralysed         |       |       |       |     1 |     1 |     4 |     2 |       |       ||     8
       Petrified         |       |       |       |       |       |     7 |       |       |       ||     7
       Confused          |       |       |       |       |       |     1 |       |       |       ||     1
  Eat: Chunk             |       |     4 |    12 |    39 |    35 |    26 |    32 |    24 |     3 ||   175
       Ration            |       |       |     2 |     3 |     7 |    10 |     4 |     4 |     1 ||    31
Armor: Scale mail        |    56 |    82 |   109 |   195 |       |       |       |       |       ||   442
       Chain mail        |       |       |       |    95 |       |       |       |       |       ||    95
       Plate armour      |       |       |       |       |   520 |   433 |   309 |    88 |       ||  1350
       Gold dragon scale |       |       |       |       |       |       |       |   241 |    29 ||   270
Dodge: Dodged            |    39 |    44 |    66 |   172 |   196 |   201 |   145 |   108 |    11 ||   982
Block: Shield            |    60 |    81 |    91 |   290 |   589 |   711 |   319 |       |       ||  2141
       Large shield      |       |       |       |       |       |       |   415 |  1204 |   108 ||  1727

Table legend:
 A = Non-vault XP
 B = Vault XP
 C = Vault XP percentage of total XP
 D = Non-vault monster count
 E = Vault monster count
 F = Vault count percentage of total count
                 A         B        C        D         E       F
            +---------+---------+-------+---------+---------+-------
      Total |  448502 |  548934 |  55.0 |    1380 |     825 |  37.4
            +---------+---------+-------+---------+---------+-------
        D:1 |      41 |       4 |   8.9 |      21 |       2 |   8.7
        D:2 |      72 |       0 |   0.0 |      27 |       0 |   0.0
        D:3 |     305 |     302 |  49.8 |      20 |       5 |  20.0
        D:4 |     217 |     243 |  52.8 |       6 |       4 |  40.0
        D:5 |     456 |       1 |   0.2 |      19 |       1 |   5.0
        D:6 |    1061 |       0 |   0.0 |      35 |       0 |   0.0
        D:7 |    1937 |     215 |  10.0 |      37 |       2 |   5.1
        D:8 |     465 |    1565 |  77.1 |      11 |      30 |  73.2
        D:9 |    1540 |    1886 |  55.0 |      31 |       8 |  20.5
       D:10 |    1377 |     114 |   7.6 |      25 |       1 |   3.8
       D:11 |    2825 |     400 |  12.4 |      16 |       1 |   5.9
       D:12 |    4555 |       0 |   0.0 |      24 |       0 |   0.0
       D:13 |    9799 |    5625 |  36.5 |      41 |      12 |  22.6
       D:14 |    9136 |       0 |   0.0 |      23 |       0 |   0.0
       D:15 |   16403 |    6557 |  28.6 |      49 |      10 |  16.9
     Lair:1 |    5000 |       0 |   0.0 |      26 |       0 |   0.0
     Lair:2 |    1377 |    4238 |  75.5 |       7 |      12 |  63.2
     Lair:3 |     958 |    1410 |  59.5 |       7 |       6 |  46.2
     Lair:4 |    5115 |       0 |   0.0 |      14 |       0 |   0.0
     Lair:5 |    5937 |      80 |   1.3 |      22 |       1 |   4.3
     Lair:6 |    7420 |    2578 |  25.8 |      23 |       9 |  28.1
    Swamp:1 |    4632 |    7918 |  63.1 |      16 |      11 |  40.7
    Swamp:2 |   11966 |       0 |   0.0 |      38 |       0 |   0.0
    Swamp:3 |   12955 |    1109 |   7.9 |      43 |       1 |   2.3
    Swamp:4 |    9298 |   13998 |  60.1 |      22 |      27 |  55.1
   Spider:1 |   15584 |    4548 |  22.6 |      63 |       8 |  11.3
   Spider:2 |    5163 |    4436 |  46.2 |      23 |      46 |  66.7
   Spider:3 |   10394 |     101 |   1.0 |      42 |       1 |   2.3
   Spider:4 |   14619 |   15899 |  52.1 |      54 |      48 |  47.1
      Orc:1 |    2558 |   11229 |  81.4 |      31 |      27 |  46.6
      Orc:2 |    2214 |    2270 |  50.6 |      33 |      11 |  25.0
      Elf:1 |   12881 |   10157 |  44.1 |      34 |      19 |  35.8
      Elf:2 |   10360 |   19933 |  65.8 |      22 |      34 |  60.7
      Elf:3 |    6755 |   26505 |  79.7 |      13 |      31 |  70.5
   Vaults:1 |   21121 |    3954 |  15.8 |      40 |       4 |   9.1
   Vaults:2 |   20415 |   17554 |  46.2 |      60 |      35 |  36.8
   Vaults:3 |   21855 |   42620 |  66.1 |      56 |      63 |  52.9
   Vaults:4 |   20253 |   23219 |  53.4 |      37 |      41 |  52.6
   Vaults:5 |   38921 |  122827 |  75.9 |      73 |      97 |  57.1
   Depths:1 |   14557 |    4042 |  21.7 |      34 |      24 |  41.4
   Depths:2 |   18177 |   21416 |  54.1 |      46 |      22 |  32.4
   Depths:3 |   34967 |   32229 |  48.0 |      42 |      34 |  44.7
   Depths:4 |   32783 |   39946 |  54.9 |      53 |      39 |  42.4
   Depths:5 |    6498 |   97806 |  93.8 |       6 |      98 |  94.2
      Zot:1 |   23580 |       0 |   0.0 |      15 |       0 |   0.0
            +---------+---------+-------+---------+---------+-------
